 Dungeon Crawl Stone Soup version 0.15-a0-1485-g692b94f (console) character file.

8326 Clarence the Cleaver (level 11, -9/156 HPs)
             Began as a Hill Orc Berserker on June 14, 2014.
             Was a High Priest of Trog.
             Hit by a tomahawk of dispersal thrown by a minotaur (16 damage)
             ... in a labyrinth.
             The game lasted 01:24:50 (14440 turns).

Clarence the Cleaver (Hill Orc Berserker)          Turns: 14440, Time: 01:24:51

HP  -9/156       AC 12     Str 28      XL: 11   Next: 29%
MP  11/11        EV 10     Int  7      God: Trog [*****.]
Gold 575         SH  0     Dex 11      Spells:  0 memorised, 10 levels left

rFire  . . .     SeeInvis .     i - +0,+5 battleaxe (freeze)
rCold  + . .     Clarity  +     v - +0 scale mail
rNeg   . . .     rCorr    .     (no shield)
rPois  .         rRot     .     (no helmet)
rElec  .         Spirit   .     j - +2 cloak
SustAb .         Warding  .     (no gloves)
rMut   .         Stasis   .     (no boots)
Gourm  .                        n - amulet of clarity
MR     .....                    V - ring of Upew {rC+ EV+1}
                                Z - ring of teleport control

@: berserking (expiring), very quick, not resistant to hostile enchantments,
extremely unstealthy
A: no striking features
a: Burn Spellbooks, Berserk, Trog's Hand, Brothers in Arms, Renounce Religion,
Evoke Teleport Control


You were in a labyrinth.
You worshipped Trog.
Trog was extremely pleased with you.
You were not hungry.

You visited 2 branches of the dungeon, and saw 12 of its levels.
You also visited: Labyrinth.

You collected 575 gold pieces.

Inventory:

Hand weapons
 i - a +0,+5 battleaxe of freezing (weapon)
 u - a +2,+2 hand axe of flaming
 w - a +0,+0 sling
 C - a +3,+0 war axe
 D - a cursed +1,+2 morningstar of freezing
 Q - a +0,+0 longbow
 U - a +0,+0 shortbow
Missiles
 a - 33 stones (quivered)
 h - 19 poisoned arrows
 k - 67 sling bullets
 s - 7 needles of slowing
 x - 3 throwing nets
 B - 85 bolts
 H - 93 arrows
 M - 19 tomahawks
 N - 20 poisoned needles
Armour
 j - a +2 cloak (worn)
 v - a +0 scale mail (worn)
Magical devices
 b - a wand of fire (10)
 z - a wand of fire (0)
 R - a wand of magic darts (0)
Comestibles
 c - 4 meat rations
 o - 5 bread rations
 F - a slice of pizza
Scrolls
 d - 14 scrolls of identify
 g - 2 scrolls of blinking
 l - 4 scrolls of recharging
 y - 2 scrolls of fog
 L - 2 scrolls of magic mapping
 O - a scroll of enchant armour
 P - 3 scrolls of fear
 T - 4 scrolls of remove curse
Jewellery
 m - an uncursed ring of magical power
 n - an amulet of clarity (around neck)
 p - a +2 ring of intelligence
 J - an uncursed ring of sustain abilities
 V - the ring of Upew (right hand) {rC+ EV+1}
   (You acquired it on level 9 of the Dungeon)

   [ring of evasion]

   It affects your evasion (+1).
   It protects you from cold.
 Z - a ring of teleport control (left hand)
Potions
 e - a potion of haste
 f - 3 potions of curing
 q - 2 potions of poison {unknown}
 r - 2 potions of heal wounds
 A - 3 potions of mutation {unknown}
 G - a potion of restore abilities {unknown}
 I - a potion of flight {unknown}
 K - a potion of might {unknown}
Miscellaneous
 W - a disc of storms
 Y - an ornate deck of changes


   Skills:
 + Level 12.0 Fighting
 + Level 13.1 Axes
 + Level 11.1 Armour
 - Level 1.5 Dodging


You had 10 spell levels left.
You didn't know any spells.

Dungeon Overview and Level Annotations

Branches:
Dungeon (11/15)            Temple (1/1) D:7             Orc (0/4) D:9
   Lair: D:8-11

Altars:
Ashenzari
Cheibriados
Dithmenos
Elyvilon
Fedhas
Gozag
Kikubaaqudgha
Makhleb
Nemelex Xobeh
Okawaru
Qazlal
Sif Muna
Trog
Vehumet
Xom
Yredelemnul
Zin
The Shining One

Shops:
D:11 [


Message History

You hear an odd grinding sound!
All of the chunks of flesh in your inventory have completely rotted away.
You hear the creaking of ancient gears!
Press: ? - help, . - travel You can't see that place.
You hear the creaking of ancient gears!
You hear an odd grinding sound!
Press: ? - help, v - describe, . - travel A translucent rock wall.
The floor suddenly vibrates beneath you!
As you open the door, it creaks loudly!
A minotaur comes into view. It is wielding a glowing demon trident.
The minotaur bellows!
The minotaur throws a tomahawk of dispersal.
The tomahawk of dispersal hits you!
You blink.
Use which ability? (? or * to list)
A red film seems to cover your vision as you go berserk!
You feel yourself moving faster!
You feel mighty!
You feel somewhat more hungry.
The minotaur hits you with a glowing demon trident!!
The minotaur gores you. The minotaur blocks your attack.
You slash the minotaur! You freeze the minotaur.
The minotaur is lightly wounded.
The minotaur hits you with a glowing demon trident!!
You are electrocuted!
The minotaur gores you but does no damage.
The minotaur blocks your attack.
The minotaur is lightly wounded.
The minotaur hits you with a demon trident of electrocution!!
You are electrocuted!
* * * LOW HITPOINT WARNING * * *
The minotaur gores you!
* * * LOW HITPOINT WARNING * * *
You are too berserk!
The minotaur blocks your attack.
The minotaur is lightly wounded.
You completely miss the minotaur.
The minotaur furiously retaliates!
The minotaur headbutts you, but does no damage.
The minotaur is lightly wounded.
The minotaur hits you with a demon trident of electrocution!!
* * * LOW HITPOINT WARNING * * *
The minotaur completely misses you.
You hit the minotaur. You freeze the minotaur.
The minotaur is lightly wounded.
The minotaur hits you but does no damage.
You feel a strong urge to attack something.
The minotaur throws a tomahawk of dispersal.
The tomahawk of dispersal hits you!
You die...

▒▒▒▒▒ ▒ ∙▒ ∙▒ ∙▒
▒∙▒ ▒▒▒▒▒∙▒ ∙∙∙ ∙
∙∙ ∙ ▒∙▒∙∙∙▒
▒∙▒∙∙∙▒▒▒▒▒▒▒∙▒@▒
∙ ∙
∙∙∙∙∙∙∙∙∙H∙∙∙▒
▒∙▒
▒▒▒▒▒▒▒∙∙▒∙▒▒▒ ∙▒
[8 ∙8▒∙∙▒∙▒ ∙


∙H∙ ∙∙ ▒▒▒▒ ▒8\8[8∙ ▒∙ ∙∙∙∙▒ ▒ ▒▒▒▒▒▒ ∙∙▒▒▒▒▒ ∙ ∙∙∙∙ ▒▒▒ ∙ ▒▒ ▒∙ You could see a
minotaur.

Vanquished Creatures
  Grinder (D:3)
  A troll (D:11)
  A merfolk (D:9)
  A two-headed ogre (D:9)
  2 deep elf magi
  2 wyverns
  5 yaks
  Eustachio (D:6)
  4 hungry ghosts
  4 hippogriffs
  A soldier ant (D:10)
  4 sky beasts
  A yellow wasp (D:9)
  A phantom (D:10)
  2 black bears (D:9)
  A necrophage (D:9)
  4 orc warriors
  2 ogres
  A centaur (D:11)
  A big kobold (D:9)
  11 giant frogs
  5 scorpions
  5 wights (D:6)
  2 yak skeletons (D:9)
  A hippogriff skeleton (D:11)
  6 killer bees
  The ghost of Sabretooth the Scratcher, a weakling FeFi (D:3)
  The ghost of Sabretooth the Scratcher, a weakling FeFi of Cheibriados (D:5)
  3 hounds
  5 crimson imps
  2 goliath beetles
  3 jellies (D:9)
  2 quasits
  An iron imp (D:6)
  2 big fish (D:9)
  An iguana (D:5)
  5 orc priests
  A centaur zombie (D:8)
  8 orc wizards
  9 worker ants
  An ogre zombie (D:5)
  A big kobold zombie (D:6)
  An ogre skeleton (D:6)
  Terence (D:2)
  A hound skeleton (D:11)
  A worker ant zombie (D:8)
  12 adders
  7 gnolls
  2 giant mites
  A white imp (D:6)
  2 inept item mimics
  2 worms (D:3)
  An iguana zombie (D:5)
  3 adder skeletons
  2 adder zombies (D:6)
  The ghost of lennard the Shield-Bearer, a weakling FoFi (D:7)
  8 giant geckos
  An ooze (D:1)
  42 orcs
  A bat zombie (D:6)
  14 hobgoblins
  13 jackals
  15 kobolds
  4 quokkas
  20 bats
  4 giant cockroaches
  A giant gecko skeleton (D:6)
  5 giant newts
  A giant spore (D:9)
  14 goblins
  A hobgoblin zombie (D:5)
  2 kobold skeletons
  2 quokka skeletons
  A quokka zombie (D:8)
  18 rats
  A rat skeleton (D:8)
  7 ballistomycetes
328 creatures vanquished.

Vanquished Creatures (others)
  A worker ant (D:10)
  4 giant spores
5 creatures vanquished.

Grand Total: 333 creatures vanquished

Notes
Turn   | Place    | Note
--------------------------------------------------------------
     0 | D:1      | Clarence, the Hill Orc Berserker, began the quest for the Orb.
     0 | D:1      | Reached XP level 1. HP: 19/19 MP: 1/1
   342 | D:1      | Reached XP level 2. HP: 17/27 MP: 2/2
   767 | D:1      | Reached skill level 4 in Fighting
   812 | D:1      | Reached skill level 3 in Armour
   923 | D:2      | Noticed Terence
   933 | D:2      | Killed Terence
   933 | D:2      | Reached XP level 3. HP: 33/33 MP: 3/3
  1281 | D:2      | Acquired Trog's second power
  1503 | D:2      | Reached XP level 4. HP: 35/40 MP: 4/4
  1708 | D:3      | Noticed Grinder
  1710 | D:3      | Paralysed by Grinder for 7 turns
  1903 | D:3      | Noticed Sabretooth's ghost (weakling FeFi)
  1913 | D:3      | Killed Sabretooth's ghost
  1913 | D:3      | Reached skill level 5 in Axes
  1949 | D:3      | Reached XP level 5. HP: 12/47 MP: 5/5
  2311 | D:3      | Reached skill level 4 in Armour
  2795 | D:3      | Reached skill level 5 in Fighting
  2830 | D:3      | Paralysed by Grinder for 4 turns
  2845 | D:3      | Killed Grinder
  2845 | D:3      | Reached skill level 6 in Axes
  2845 | D:3      | Reached skill level 5 in Armour
  2845 | D:3      | Reached XP level 6. HP: 41/57 MP: 6/6
  3001 | D:4      | Reached XP level 7. HP: 56/62 MP: 7/7
  3223 | D:4      | Reached skill level 6 in Fighting
  3706 | D:4      | Reached skill level 7 in Axes
  3849 | D:5      | Entered Level 5 of the Dungeon
  3987 | D:5      | Noticed Sabretooth's ghost (weakling FeFi)
  3998 | D:5      | Killed Sabretooth's ghost
  4055 | D:5      | Reached skill level 6 in Armour
  4391 | D:5      | Reached XP level 8. HP: 56/71 MP: 8/8
  4566 | D:6      | Noticed Eustachio
  4705 | D:6      | Killed Eustachio
  4705 | D:6      | Reached skill level 7 in Fighting
  4766 | D:6      | Acquired Trog's third power
  4766 | D:6      | Reached skill level 8 in Axes
  5089 | D:6      | Reached skill level 7 in Armour
  5155 | D:6      | Reached skill level 8 in Fighting
  5485 | D:6      | Reached skill level 9 in Axes
  5490 | D:6      | Found a snail-covered altar of Cheibriados.
  5638 | D:6      | Reached XP level 9. HP: 74/82 MP: 9/9
  6180 | D:6      | Reached skill level 8 in Armour
  6302 | D:6      | Reached skill level 9 in Fighting
  6609 | D:7      | Reached skill level 10 in Axes
  6632 | D:7      | Found a staircase to the Ecumenical Temple.
  6632 | D:7      | Noticed lennard's ghost (weakling FoFi)
  6642 | D:7      | Killed lennard's ghost
  6650 | Temple   | Entered the Ecumenical Temple
  8372 | D:8      | Reached skill level 9 in Armour
  8453 | D:8      | Reached skill level 10 in Fighting
  8651 | D:9      | Reached XP level 10. HP: 93/93 MP: 10/10
  8729 | D:9      | Identified a scroll of acquirement
  8732 | D:9      | Got a faintly glowing glass ring
  8734 | D:9      | Identified the ring of Upew {rC+ EV+1} (You acquired it on level 9 of the Dungeon)
  8851 | D:9      | Reached skill level 11 in Axes
  9963 | D:9      | Reached skill level 10 in Armour
 10016 | D:9      | Reached skill level 11 in Fighting
 10028 | D:9      | Reached skill level 12 in Axes
 10263 | D:9      | HP: 4/95 [black bear (6)]
 10508 | D:9      | Found a staircase to the Orcish Mines.
 11713 | D:10     | Entered Level 10 of the Dungeon
 11724 | D:9      | Received a gift from Trog
 11816 | D:10     | Noticed a hill giant
 12133 | D:10     | Reached XP level 11. HP: 102/102 MP: 11/11
 12724 | D:11     | Found Riec's Armour Boutique.
 12735 | D:11     | Reached skill level 11 in Armour
 12827 | D:11     | Reached skill level 13 in Axes
 12927 | D:11     | Reached skill level 12 in Fighting
 13136 | D:11     | Found a labyrinth entrance.
 13150 | Lab      | Entered a labyrinth
 14422 | Lab      | Noticed a minotaur
 14437 | Lab      | HP: 7/156 [minotaur/demon trident of electrocution (28)]
 14440 | Lab      | Hit by a tomahawk of dispersal thrown by a minotaur

Action                   |  1- 3 |  4- 6 |  7- 9 | 10-12 || total
-------------------------+-------+-------+-------+-------++-------
Melee: Hand axe          |   148 |    89 |       |       ||   237
       Broad axe         |       |    16 |    59 |       ||    75
       War axe           |       |       |   523 |   309 ||   832
       Battleaxe         |       |       |       |   102 ||   102
 Fire: Sling             |       |       |       |    15 ||    15
Throw: Stone             |     2 |     9 |     7 |     9 ||    27
Invok: Berserk           |     2 |     1 |    18 |     5 ||    26
       Trog's Hand       |       |       |     2 |     1 ||     3
       Burn Spellbooks   |       |       |     1 |       ||     1
Evoke: Wand              |       |     3 |       |    12 ||    15
  Use: Scroll            |       |     9 |     8 |     5 ||    22
       Potion            |       |     3 |       |     1 ||     4
